 Dungeon Sprint DCSS version 0.30-a0-737-gf23d94013f (webtiles) character file.

Game seed: 5398327450657499060

58 BigDaddyOpFi the Covert (level 7, -1/55 HPs)
             Began as an Octopode Hunter on Feb 1, 2023.
             Slain by a kobold demonologist
             ... wielding a +0 dagger
              (3 damage)
             ... in the Dungeon (Sprint VI: "Thunderdome").
             The game lasted 00:02:42 (514 turns).

BigDaddyOpFi the Covert (Octopode Hunter)            Turns: 514, Time: 00:02:43

Health: -1/55      AC:  1    Str: 23      XL:     7   Next: 50%
Magic:  7/7        EV: 16    Int: 11      God:
Gold:   20         SH:  0    Dex: 13 (22) Spells: 6/6 levels left

rFire   + . .      SeeInvis +    a - +0 shortbow
rCold   + + +      Faith    .    (shield currently unavailable)
rNeg    + + .      Spirit   .    (helmet restricted)
rPois   +          Reflect  .    p - amulet of the Twisting Saviour {RegenMP rPois Stlth+}
rElec   .          Harm     .    m - ring "Samann" {rPois rC+ Dex+3 Slay+4}
rCorr   +          Rampage  .    n - ring of Meyshytu {Drain +Blink rC++ rCorr SInv}
Will    +....      NoTele   +    o - ring "Huawuuja" {Will+ Dex+6}
Stlth   +++++++                  q - ring of Grace {rC+ Str+5 Slay+4}
HPRegen 0.29/turn                r - ring "Qirhu" {Fire rN++ Str+6 Dex-3}
MPRegen 0.50/turn                (no ring)
                                 (no ring)
                                 (no ring)

@: no status effects
A: almost no armour, amphibious, 8 rings, camouflage 1, gelatinous body 1,
(nimble swimmer 1), tentacles
a: Evoke Blink


You were in the Dungeon.
You visited 1 branch You collected 290 gold pieces.
You spent 270 gold pieces at shops.

Inventory:

Hand Weapons
 a - a +0 shortbow (weapon)
Jewellery
 m - the ring "Samann" (left tentacle) {rPois rC+ Dex+3 Slay+4}
   (You bought it in a shop in the Dungeon)

   [ring of slaying]

   Dex:       It affects your dexterity (+3).
   Slay:      It affects your accuracy & damage with ranged weapons and melee
   (+4).
   rC:        It protects you from cold.
   rPois:     It protects you from poison.
 n - the ring of Meyshytu (right tentacle) {Drain +Blink rC++ rCorr SInv}
   (You bought it in a shop in the Dungeon)

   [ring of see invisible]

   rC:        It greatly protects you from cold.
   SInv:      It lets you see invisible.
   +Blink:    It lets you blink.
   rCorr:     It protects you from acid and corrosion.
   Drain:     It drains your maximum health when unequipped.
 o - the ring "Huawuuja" (on tentacle) {Will+ Dex+6}
   (You bought it in a shop in the Dungeon)

   [ring of dexterity]

   Dex:       It affects your dexterity (+6).
   Will:      It increases your willpower.
 p - the amulet of the Twisting Saviour (around mantle) {RegenMP rPois Stlth+}
   (You bought it in a shop in the Dungeon)

   [amulet of magic regeneration]

   It increases your rate of magic regeneration.
   rPois:     It protects you from poison.
   Stlth:     It makes you more stealthy.
 q - the ring of Grace (on tentacle) {rC+ Str+5 Slay+4}
   (You bought it in a shop in the Dungeon)

   [ring of slaying]

   Str:       It affects your strength (+5).
   Slay:      It affects your accuracy & damage with ranged weapons and melee
   (+4).
   rC:        It protects you from cold.
 r - the ring "Qirhu" (on tentacle) {Fire rN++ Str+6 Dex-3}
   (You bought it in a shop in the Dungeon)

   [ring of fire]

   It enhances your fire magic.
   Str:       It affects your strength (+6).
   Dex:       It affects your dexterity (-3).
   rF:        It protects you from fire.
   rC:        It makes you vulnerable to cold.
   rN:        It greatly protects you from negative energy.
Wands
 j - a wand of quicksilver (5)
 k - a wand of roots (12)
Scrolls
 b - a scroll of immolation
 h - 3 scrolls of blinking
 l - 3 scrolls of fog
Potions
 c - a potion of curing
 d - 2 potions of heal wounds
 e - 4 potions of haste
 f - 2 potions of magic
 g - a potion of berserk rage
 i - a potion of resistance


   Skills:
 + Level 8.2 Fighting
 + Level 9.0 Ranged Weapons
 + Level 8.2 Dodging
 + Level 11.2 Stealth


You had 6 spell levels left.
You didn't know any spells.
Your spell library was empty.

Dungeon Overview and Level Annotations

Branches:
Dungeon (1/1)

Altars:
Cheibriados
Dithmenos
Fedhas
Makhleb
Okawaru
Ru
Sif Muna
Trog
Wu Jian
Yredelemnul
Zin
The Shining One

Shops:
D *[?**[(

Annotations:
D Sonja


Innate Abilities, Weirdness & Mutations

You cannot wear most types of armour.
You are amphibious.
You can wear up to eight rings at the same time.
Your skin changes colour to match your surroundings (Stealth+).
Your rubbery body absorbs attacks. (AC +1, EV +1)
((You are camouflaged when in or above water. (Stealth+)))
You have tentacles for arms and can constrict up to eight enemies at once.


Message History

* * * LOW HITPOINT WARNING * * *
You feel clumsy. The quasit misses you.
The kobold demonologist hits you with a +0 dagger.
* * * LOW HITPOINT WARNING * * *
Fire: a) +0 shortbow
Press: ? - help, Q - select action, (/) - cycle Shift-Dir - straight line, f/p - kobold demonologist
Aim: a kobold demonologist, wielding a +0 dagger and wearing a +0 robe (almost dead, 67% to hit)
Okay, then.
You feel much better. The quasit misses you. The quasit claws you.
You feel clumsy. The quasit closely misses you.
The kobold demonologist casts a spell.
The quasit closely misses you. x2
The quasit claws you but does no damage.
You feel much better.
The kobold demonologist looks braver for a moment.
The quasit barely misses you. The quasit claws you. x2
You feel clumsy. Sonja completely misses you.
Sonja hits you with a +0 dagger of distortion.
Sonja barely misses you.
Fire: a) +0 shortbow
Press: ? - help, Q - select action, (/) - cycle Shift-Dir - straight line, f/p - kobold demonologist
Aim: a kobold demonologist, wielding a +0 dagger and wearing a +0 robe (almost dead, 66% to hit)
You shoot an arrow.
The arrow barely misses the kobold demonologist.
The arrow hits the crimson imp!
The crimson imp is heavily wounded.
The quasit bites you. The quasit claws you.
You feel clumsy. The quasit claws you.
Sonja hits you with a +0 dagger of distortion!
Space warps horribly around you!
* * * LOW HITPOINT WARNING * * *
Sonja hits you with a +0 dagger of distortion.
* * * LOW HITPOINT WARNING * * *
Sonja closely misses you.
The kobold demonologist hits you with a +0 dagger.
You die...

...........###..
∩........8.# #.8...
#∩._..))...###......
######.8.........8.#
#⌠..........)⌠#
###.........###
#_......45#
#_......5K#
#_......K@#
#∩.......∩#
##∩.....∩##
##.....## ##⌠⌠⌠##
#####


You could see a hellwing (summoned), a kobold demonologist, Sonja, a quasit
(summoned) and a crimson imp (summoned).

Vanquished Creatures
  A kobold demonologist (D)
  Sigmund (D)
  A kobold brigand (D)
  2 scorpions (D)
  A jelly (D)
  3 endoplasms (D)
  A goblin (D)
  5 kobolds (D)
15 creatures vanquished.

Notes
Turn   | Place    | Note
-------+----------+-------------------------------------------
     0 | D        | BigDaddyOpFi the Octopode Hunter began the quest for the
                  | Orb.
     0 | D        | Reached XP level 1. HP: 14/14 MP: 1/1
     4 | D        | Found a glowing golden altar of the Shining One.
     4 | D        | Found a blossoming altar of Fedhas.
     5 | D        | Found a glowing silver altar of Zin.
     5 | D        | Found a sacrificial altar of Ru.
     5 | D        | Round 1.
     6 | D        | Found a bloodstained altar of Trog.
     7 | D        | Found a basalt altar of Yredelemnul.
     7 | D        | Found Duiney's Identification Station.
     8 | D        | Found Ufuguob's Jewellery.
     8 | D        | Found Ykowkiq's Advanced Armour.
    17 | D        | Bought a coiled golden ring for 45 gold pieces
    17 | D        | Identified the ring "Samann" {rPois rC+ Dex+3 Slay+4} (You
                  | bought it in a shop in the Dungeon)
    17 | D        | Bought a crude golden ring for 45 gold pieces
    17 | D        | Identified the ring of Meyshytu {Drain +Blink rC++ rCorr
                  | SInv} (You bought it in a shop in the Dungeon)
    17 | D        | Bought a clouded wooden ring for 45 gold pieces
    17 | D        | Identified the ring "Huawuuja" {Will+ Dex+6} (You bought it
                  | in a shop in the Dungeon)
    17 | D        | Bought a clouded brass amulet for 45 gold pieces
    17 | D        | Identified the amulet of the Twisting Saviour {RegenMP
                  | rPois Stlth+} (You bought it in a shop in the Dungeon)
    42 | D        | Reached skill level 2 in Stealth
    51 | D        | Noticed a jelly
    54 | D        | Killed a jelly
    55 | D        | Reached skill level 5 in Ranged Weapons
    55 | D        | Reached skill level 4 in Stealth
    55 | D        | Reached XP level 2. HP: 21/21 MP: 2/2
    55 | D        | Reached XP level 3. HP: 26/26 MP: 3/3
   139 | D        | Found a snail-covered altar of Cheibriados.
   139 | D        | Arena points: 4 (+4) [x1]
   154 | D        | Round 2.
   154 | D        | Noticed Sigmund
   160 | D        | Killed Sigmund
   161 | D        | Reached skill level 8 in Stealth
   161 | D        | Reached XP level 4. HP: 10/36 MP: 4/4
   161 | D        | Reached XP level 5. HP: 12/41 MP: 5/5
   179 | D        | Reached XP level 6. HP: 16/47 MP: 6/6
   197 | D        | Reached skill level 9 in Stealth
   268 | D        | Arena points: 16 (+12) [x1]
   275 | D        | Bought a crude ivory ring for 45 gold pieces
   275 | D        | Identified the ring of Grace {rC+ Str+5 Slay+4} (You bought
                  | it in a shop in the Dungeon)
   284 | D        | Round 3.
   385 | D        | Found a burning altar of Makhleb.
   386 | D        | Found an iron altar of Okawaru.
   386 | D        | Found Zeirph's Premium Goods.
   389 | D        | Found Koiz's Miscellaneous Merchandise.
   389 | D        | Found Opsycug's Basic Armour.
   390 | D        | Noticed a kobold demonologist
   393 | D        | Noticed a chaos spawn
   394 | D        | Noticed a chaos spawn
   400 | D        | Noticed a chaos spawn
   416 | D        | Killed a kobold demonologist
   416 | D        | Arena points: 58 (+42) [x2]
   417 | D        | Reached skill level 11 in Stealth
   417 | D        | Reached XP level 7. HP: 25/55 MP: 7/7
   417 | D        | Found an ornate altar of the Wu Jian Council.
   417 | D        | Found a shimmering blue altar of Sif Muna.
   417 | D        | Found a shadowy altar of Dithmenos.
   417 | D        | Found Raur's Weapon Rack.
   430 | D        | Bought a crude wooden ring for 45 gold pieces
   430 | D        | Identified the ring "Qirhu" {Fire rN++ Str+6 Dex-3} (You
                  | bought it in a shop in the Dungeon)
   471 | D        | Round 4.
   497 | D        | Noticed Sonja
   498 | D        | Noticed a kobold demonologist
   513 | D        | Noticed a hellwing
   514 | D        | HP: 2/55 [Sonja/+0 dagger of distortion (4)]
   514 | D        | Slain by a kobold demonologist

Illustrated notes

Levels and vault maps discovered:
D:        arena_sprint

Skill      XL: |  1  2  3  4  5  6  7 |
---------------+----------------------+-----
Stealth        | 4 8 11 | 11.2
Fighting       | 3 6 8 |  8.2
Ranged Weapons | 5 7 8 9 |  9.0
Dodging        | 3 6 8 |  8.2

Action                     |  1- 3 |  4- 6 |  7- 9 || total
---------------------------+-------+-------+-------++-------
   Fire: Shortbow          |    11 |    38 |    15 ||    64
    Use: Scroll            |       |     1 |       ||     1
         Potion            |       |       |     2 ||     2
 Armour: Skin              |       |       |     3 ||     3
  Dodge: Dodged            |     1 |    12 |    35 ||    48

Table legend: (Time is in decaauts)
 A = Elapsed time spent in this place.
 B = Non-inter-level travel time spent in this place.
 C = Inter-level travel time spent in this place.
 D = Time resting spent in this place.
 E = Time spent auto-exploring this place.
 F = Levels seen in this place.
 G = Mean time per level.
                   A        B        C        D        E       F      G
               +--------+--------+--------+--------+--------+-----+--------+
         Total |    525 |    525 |      0 |    328 |      7 |   1 |  525.0 |
       Dungeon |    525 |    525 |      0 |    328 |      7 |   1 |  525.0 |
               +--------+--------+--------+--------+--------+-----+--------+

Top non-repeatable levels by time:
       D: 525 daAuts
